cohdb
Replays
Latest Replays
All Replays
Popular Replays
Top Player Replays
Match Explorer
How It Works
Community
CoH3 Stats
Reddit
Sign in to upload your games and track your stats! →
Sign in with Steam
Match 41073316
Unlisted
Match 41073316
Overview
Messages
Build Orders
End
Construct Section Command Post
Selects Heavy Armor Battlegroup
Infantry Section
Dingo Light Scout Car
Infantry Section
Infantry Section
Construct Platoon Command Post
Construct Field Infirmary
Construct Field Infirmary
Selects Light Vehicle Withdraw and Refit
Selects UNKNOWN (202330)
Construct Field Infirmary
Construct Field Infirmary
Humber Armored Car
6-pounder Anti-tank Gun Team
Grenade Package
Infantry Training
Selects Recon Artillery
Selects Rigorous Vehicle Training
Selects Forward Repair Assembly
Construct Company Command Post
Crusader AA Medium Tank
Crusader AA Medium Tank
Recon Artillery
Foot Guards Section
Crusader AA Medium Tank
Armored Vehicle Training
Crusader AA Medium Tank
Recon Artillery
Juan
Nałogowy
Comrade <3
MZMZ
조영
jerjawe
0
0
Comments
sign in to comment!
No comments posted yet!